Map: Dusk Towers

Players

IamDrizzt

  • Race: Protoss Protoss
  • League: Diamond

MorN - Winner!

  • Race: Terran Terran
  • League: Platinum

VOD

Have the link to the VOD?

Description

Time

  • Played on: Nov. 11, 2015, 10:24 p.m.
  • Length: 8:12
Show
View Real Time Build Order
Export as new Build Order

IamDrizzt Protoss 

Build Orders: Blink Stalkers 

Get SALT Encoding   

  12  0:00  Probe (Chrono Boost)  
  13  0:11  Probe (Chrono Boost)  
  14  0:21  Pylon  
  14  0:23  Probe (Chrono Boost)  
  15  0:39  Probe (Chrono Boost)  
  15  0:40  Gateway  
  16  0:48  Assimilator  
  16  0:50  Probe (Chrono Boost)  
  17  1:00  Probe (Chrono Boost)  
  19  1:11  Probe (Chrono Boost)  
  19  1:22  Probe (Chrono Boost)  
  20  1:29  Cybernetics Core  
  20  1:32  Probe (Chrono Boost)  
  21  1:36  Zealot  
  23  1:48  Nexus  
  23  1:52  Nexus  
  23  2:01  Assimilator  
  23  2:12  Pylon  
  23  2:28  Twilight Council  
  23  2:30  Probe (Chrono Boost), Adept  
  23  2:33  Pylon  
  26  2:41  Probe (Chrono Boost)  
  27  2:51  Probe (Chrono Boost)  
  28  3:00  Gateway  
  28  3:02  Probe (Chrono Boost)  
  30  3:13  Mothership Core (Chrono Boost)  
  30  3:17  Probe (Chrono Boost)  
  30  3:26  Probe (Chrono Boost)  
  30  3:27  Blink (Chrono Boost)  
  30  3:29  Warp Gate (Chrono Boost)  
  30  3:31  Probe  
  32  3:36  Probe  
  33  3:43  Probe  
  34  3:48  Probe  
  35  3:55  Probe  
  35  3:56  Robotics Facility  
  35  3:59  Probe, Gateway  
  37  4:07  Probe  
  38  4:19  Pylon  
  38  4:28  Probe  
  38  4:29  Probe  
  38  4:30  Forge  
  40  4:41  Probe  
  40  4:43  Observer  
  42  4:47  Probe  
  42  4:48  Pylon  
  43  4:53  Probe  
  43  4:57  Probe  
  45  5:03  Pylon  
  45  5:04  Observer  
  45  5:05  Probe  
  47  5:07  Assimilator  
  47  5:08  Probe, Protoss Ground Weapons Level 1 (Chrono Boost)  
  47  5:11  Photon Cannon, Assimilator  
  48  5:14  Photon Cannon  
  48  5:17  Probe  
  49  5:25  Stalker x2  
  49  5:26  Stalker, Observer  
  56  5:29  Probe  
  56  5:31  Probe  
  58  5:40  Probe  
  58  5:41  Pylon  
  59  5:43  Probe  
  60  5:50  Probe  
  60  5:52  Robotics Bay  
  60  5:55  Probe  
  62  5:59  Pylon  
  62  6:01  Probe  
  63  6:07  Stalker  
  63  6:08  Stalker x2  
  63  6:10  Pylon  
  64  6:39  Disruptor (Chrono Boost)  
  64  6:40  Stalker  
  64  6:41  Stalker x2  
  71  7:13  Disruptor (Chrono Boost)  
  71  7:14  Stalker x3  
  80  7:21  Nexus  
  80  7:24  Pylon  
  80  7:26  Gateway, Pylon, Photon Cannon  
  80  7:29  Gateway  
  80  7:30  Photon Cannon  
  80  7:31  Gateway  
  71  7:49  Stalker x3  
Show
View Real Time Build Order
Export as new Build Order

MorN Terran - Winner!

Build Orders: Command Center First (CC), MMM Bio 

Get SALT Encoding   

  12  0:00  SCV  
  13  0:13  SCV  
  14  0:20  Supply Depot  
  14  0:25  SCV  
  15  0:41  SCV  
  16  0:57  Command Center  
  16  1:01  SCV  
  17  1:11  Barracks  
  17  1:15  SCV  
  18  1:22  Refinery  
  18  1:27  SCV  
  19  1:39  SCV  
  20  1:52  SCV  
  21  2:05  Reaper  
  21  2:07  Orbital Command  
  22  2:08  Orbital Command  
  22  2:30  Command Center  
  22  2:35  SCV x2  
  24  2:40  Barracks Reactor  
  24  2:47  SCV  
  24  2:50  SCV  
  26  2:59  SCV  
  26  3:00  Factory  
  26  3:02  SCV  
  28  3:11  SCV  
  29  3:22  SCV  
  29  3:23  Marine x2  
  29  3:24  SCV  
  33  3:34  SCV  
  33  3:36  SCV  
  33  3:41  Orbital Command, Marine x2  
  35  3:44  Barracks  
  35  3:46  Starport, Barracks  
  37  3:56  Factory Reactor  
  37  3:58  Refinery  
  37  3:59  SCV x2, Refinery  
  37  4:00  Refinery, Marine x2  
  41  4:08  SCV  
  41  4:11  SCV  
  41  4:14  SCV  
  43  4:21  SCV  
  43  4:23  SCV  
  45  4:26  SCV  
  45  4:27  Supply Depot  
  45  4:30  Marine x2  
  48  4:33  SCV, Barracks Tech Lab  
  48  4:35  SCV  
  48  4:38  SCV  
  51  4:39  Marine  
  52  4:47  Supply Depot  
  52  4:49  Medivac x2  
  52  4:50  SCV  
  52  4:52  Barracks x2  
  57  4:53  Stimpack  
  57  4:56  Marine x2  
  57  4:58  Barracks Tech Lab  
  59  5:00  Marauder  
  61  5:08  SCV x3  
  61  5:10  Supply Depot  
  61  5:11  Supply Depot  
  64  5:14  Marine x2  
  64  5:15  Factory Reactor  
  64  5:20  SCV  
  67  5:26  SCV  
  67  5:27  SCV  
  69  5:30  Combat Shields  
  69  5:32  Marine, Marauder x2, Medivac x2  
  69  5:35  SCV, Supply Depot  
  79  5:36  Supply Depot  
  79  5:41  Barracks Reactor, Barracks Tech Lab, Engineering Bay  
  79  5:45  SCV  
  79  5:46  Engineering Bay  
  80  5:52  Orbital Command  
  80  5:53  Supply Depot, Marine x2  
  80  5:54  Marauder  
  80  5:56  Widow Mine x2  
  90  5:57  Marauder  
  90  6:01  Supply Depot  
  90  6:09  Terran Infantry Weapons Level 1  
  90  6:28  SCV  
  90  6:33  Marine x3  
  90  6:34  Medivac x2, Marauder x2  
  90  6:37  Supply Depot  
  90  6:38  Marine x2  
  90  6:39  SCV x2  
  105  6:40  SCV  
  105  6:41  Armory  
  106  6:51  SCV x2  
  108  6:55  Marauder x2  
  108  7:00  Marine x2  
  108  7:01  Marauder, Marine  
  116  7:05  SCV  
  116  7:08  Barracks  
  116  7:09  Barracks x2  
  116  7:13  Medivac x2, Marine  
  121  7:16  Marauder x2  
  125  7:23  Supply Depot  
  125  7:24  Supply Depot  
  125  7:26  Supply Depot  
  125  7:31  Supply Depot  
  125  7:37  SCV, Marine  
  125  7:40  SCV, Marine x2  
  125  7:41  Marine  
  125  7:43  Marine  
  124  7:45  Marauder x2  
  123  8:04  Barracks Tech Lab x2  
  130  8:07  Barracks Reactor, Refinery  
  130  8:08  Refinery  
Tags
 
Add a new tag
Caveats
  • Supply blocks, unpowered buildings, or Contaminate may cause inaccurate times.
  • Supply counts are checked every 10 seconds.